 Dungeon Crawl Stone Soup version 0.25.1-8-g42b30a86e7 (webtiles) character file.

Game seed: 15050756960124002636

467 peng4235 the Bolt Thrower (level 7, 0/42 HPs)
             Began as a Kobold Hunter on Dec 20, 2020.
             Was an Initiate of Yredelemnul.
             Slain by an orc warrior
             ... wielding a +1 flail of protection
              (14 damage)
             ... on level 5 of the Dungeon.
             The game lasted 00:52:39 (5244 turns).

peng4235 the Bolt Thrower (Kobold Hunter)           Turns: 5244, Time: 00:52:40

Health: 0/42       AC:  6    Str: 10    XL:     7   Next: 30%
Magic:  7/7        EV: 15    Int: 12    God:    Yredelemnul [......]
Gold:   135        SH:  0    Dex: 17    Spells: 6/6 levels left

rFire    . . .     SeeInvis +   b - +1 short sword (elec)
rCold    . . .     Gourm    .   (shield restricted)
rNeg     + . .     Faith    .   A - +3 leather armour
rPois    .         Spirit   .   (no helmet)
rElec    .         Reflect  .   (no cloak)
rCorr    .         Harm     .   (no gloves)
MR       .....                  (no boots)
Stlth    ++........             (no amulet)
HPRegen  0.14/turn              l - ring of positive energy
MPRegen  0.10/turn              y - ring of see invisible

@: mighty
A: small, carnivore
a: Renounce Religion


You were on level 5 of the Dungeon.
You worshipped Yredelemnul.
Yredelemnul was noncommittal.
You were completely stuffed.

You visited 1 branch of the dungeon, and saw 5 of its levels.

You collected 135 gold pieces.

Inventory:

Hand Weapons
 a - a +1 hand crossbow
 b - a +1 short sword of electrocution (weapon)
 q - a +0 falchion of draining
Armour
 c - a +1 leather armour
 o - a +2 robe of the Archmagi
 A - a +3 leather armour (worn)
Jewellery
 l - a ring of positive energy (left hand)
 y - a ring of see invisible (right hand)
Wands
 x - a wand of enslavement (10)
Scrolls
 g - a scroll of fog
 i - a scroll of magic mapping {unknown}
 j - a scroll of identify
 k - a scroll of random uselessness {unknown}
 p - a scroll of amnesia {unknown}
 r - a scroll of remove curse {unknown}
 t - a scroll of noise {unknown}
 v - a scroll of fear
 w - a scroll of teleportation
Potions
 e - a potion of stabbing {unknown}
 h - a potion of cancellation
 s - 2 potions of degeneration {unknown}
 u - a potion of mutation {unknown}
Comestibles
 f - 13 rations


   Skills:
 + Level 3.8 Fighting
 + Level 3.2 Short Blades
 + Level 7.2 Crossbows
 + Level 2.5 Armour
 + Level 3.0 Dodging
 + Level 1.9 Stealth


You had 6 spell levels left.
You didn't know any spells.
Your spell library was empty.

Dungeon Overview and Level Annotations

Branches:
Dungeon (5/15)
 Temple: D:4-7

Altars:
Gozag
Hepliaklqana
Makhleb
Nemelex Xobeh
Qazlal
Vehumet
Yredelemnul
The Shining One


Innate Abilities, Weirdness & Mutations

You are small and have problems with some larger weapons.
You are carnivorous and can eat meat at any time.


Message History

You closely miss the orc warrior. The orc warrior closely misses you.
You completely miss the orc warrior. The orc warrior barely misses you.
You hit the orc warrior.
Lightning courses through the orc warrior!
The orc warrior is heavily wounded.
You hit the orc warrior but do no damage.
Lightning courses through the orc warrior!
The orc warrior is almost dead.
The orc warrior hits you with a +1 flail of protection!!
Ouch! That really hurt!
You feel better. The orc warrior barely misses you.
You closely miss the orc warrior.
The orc warrior is almost dead.
The orc warrior hits you with a +1 flail of protection!
You feel better.
The orc warrior hits you with a +1 flail of protection.
You feel very mighty all of a sudden.
The orc warrior hits you with a +1 flail of protection!
You die...
Your body rises from the dead as a mindless zombie.

#. #.# #.. ##.# #.# #..
###. .####.# #.# ...#
..##.# #.# #.. #.##.# #.#
#.##.##># #.#
..#..<(...####%########
##.####(###.......<(....
>...[..@(.......########
####.##o#######.# #.##(.#
#.##### #.....# #.....#
#.._..## #####.#
########._8_..# .#
.....##..._...###### .#
#.#...#.........o..####.#
#.#...#..#########......#


You could see an orc warrior.

Vanquished Creatures
  Blork the orc (D:4)
  A crimson imp (D:5)
  A hound (D:4)
  An orc priest (D:4)
  2 orc wizards (D:5)
  Jessica (D:2)
  A worker ant (D:4)
  6 adders
  A shadow imp (D:5)
  2 oozes
  An adder skeleton (D:4)
  3 worms
  7 dart slugs
  5 leopard geckos
  10 orcs
  6 giant cockroaches
  3 goblins (D:1)
  8 hobgoblins
  7 jackals
  11 kobolds
  2 quokkas (D:3)
  A ball python (D:3)
  10 bats
  5 frilled lizards
  6 rats
  A bush (D:3)
103 creatures vanquished.

Notes
Turn   | Place    | Note
-------+----------+-------------------------------------------
     0 | D:1      | peng4235 the Kobold Hunter began the quest for the Orb.
     0 | D:1      | Reached XP level 1. HP: 12/12 MP: 1/1
    36 | D:1      | Reached skill level 5 in Crossbows
    72 | D:1      | Reached XP level 2. HP: 16/17 MP: 2/2
   338 | D:1      | Reached XP level 3. HP: 21/21 MP: 3/3
   452 | D:1      | Reached skill level 6 in Crossbows
  1072 | D:2      | Reached XP level 4. HP: 10/27 MP: 4/4
  1447 | D:2      | Found a stormy altar of Qazlal.
  1486 | D:2      | Noticed Jessica
  1506 | D:2      | Killed Jessica
  1682 | D:2      | Reached XP level 5. HP: 8/32 MP: 5/5
  2272 | D:2      | Reached skill level 1 in Short Blades
  2524 | D:3      | Reached skill level 1 in Armour
  2675 | D:3      | Found a glowing golden altar of the Shining One.
  2729 | D:3      | Found a basalt altar of Yredelemnul.
  2778 | D:3      | Became a worshipper of Yredelemnul the Dark
  3204 | D:3      | Reached XP level 6. HP: 37/37 MP: 6/6
  3743 | D:3      | Found a hazy altar of Hepliaklqana.
  4072 | D:4      | Noticed Blork the orc
  4084 | D:4      | Killed Blork the orc
  4084 | D:4      | Reached skill level 7 in Crossbows
  4340 | D:4      | Reached XP level 7. HP: 40/41 MP: 7/7
  4882 | D:5      | Entered Level 5 of the Dungeon
  4882 | D:5      | Found a burning altar of Makhleb.
  4882 | D:5      | Found a radiant altar of Vehumet.
  4883 | D:5      | Found a sparkling altar of Nemelex Xobeh.
  4895 | D:5      | Found an opulent altar of Gozag.
  5244 | D:5      | Slain by an orc warrior

Illustrated notes

Levels and vault maps discovered:
D:1:      psy_arrival_statuary, layout_basic
D:2:      wad_river_or_something, layout_rooms, grunt_qazlal_sundering,
          uniq_jessica
D:3:      layout_basic, lemuel_crystal_altar, lemuel_coloured_pillars_altar,
          old_standard_altar, first_ration, serial_park_tiny_2,
          lightli_corner_chamber
D:4:      layout_basic, kennysheep_generic_room_10, uniq_blork_the_orc
D:5:      layout_loops_ring, overflow_temple_1_default,
          okawaru_altar_gauntlet_db, chequers_temple_overflow_statue_of_worship

Skill      XL: |  1  2  3  4  5  6  7 |
---------------+----------------------+-----
Crossbows      | 5 6 7 |  7.2
Fighting       | 3 |  3.8
Short Blades   | 2 3 |  3.2
Armour         | 1 2 |  2.5
Dodging        | 3 |  3.0
Stealth        | |  1.9

Action                   |  1- 3 |  4- 6 |  7- 9 || total
-------------------------+-------+-------+-------++-------
Melee: Short sword       |    28 |   137 |    36 ||   201
 Fire: Hand crossbow     |    52 |    93 |     9 ||   154
  Use: Scroll            |     2 |     5 |     2 ||     9
       Potion            |     2 |     1 |     3 ||     6
  Eat: Chunk             |     9 |    10 |     3 ||    22
Armor: Leather armour    |     6 |    17 |     3 ||    26
Dodge: Dodged            |    35 |    93 |    18 ||   146
       Rpst.: Falchion   |       |     1 |       ||     1
